 Dungeon Crawl Stone Soup version 0.32-a0-975-g85d4e5bfdb (webtiles) character file.

Game seed: 12438672094038626291

193 RBrandon the Chiller (level 5, -10/35 HPs)
             Began as a Mummy Ice Elementalist on Apr 19, 2024.
             Killed from afar by Dowan (12 damage)
             ... with a puff of flame
             ... on level 5 of the Dungeon.
             The game lasted 00:04:17 (2512 turns).

RBrandon the Chiller (Mummy Ice Elementalist)       Turns: 2512, Time: 00:04:17

Health: -10/35     AC:  5    Str: 11    XL:     5   Next: 43%
Magic:  3/11       EV: 10    Int: 16    God:
Gold:   137        SH:  0    Dex: 13    Spells: 5/12 levels left

rFire   x . .        b - +0 sling
rCold   + + .        (no shield)
rNeg    + + +        l - +2 leather armour {rC+}
rPois   ∞            (no helmet)
rElec   .            (no cloak)
rCorr   .            (no gloves)
SInv    .            (no boots)
Will    .....        (no amulet)
Stlth   ++           (no ring)
HPRegen 0.25/turn    (no ring)
MPRegen 0.12/turn

%: faith
@: no status effects
A: cold resistance 1, negative energy resistance 3, torment resistance 2, heat
vulnerability 1, in touch with death 1, no potions, faith
a: no special abilities


You were on level 5 of the Dungeon.
You visited 1 branch of the dungeon, and saw 4 of its levels.

You collected 137 gold pieces.

Inventory:

Hand Weapons
 b - a +0 sling (weapon)
Missiles
 h - a throwing net
Armour
 a - a +0 robe
 l - a +2 leather armour of cold resistance (worn)
   (You took it off Ijyb on level 3 of the Dungeon)
Jewellery
 i - a ring of fire
Wands
 k - a wand of iceblast (13)
Scrolls
 c - a scroll of blinking {unknown}
 e - a scroll of amnesia {unknown}
 f - 2 scrolls of enchant armour {unknown}
 g - 3 scrolls of identify {unknown}
 j - a scroll of fog {unknown}
 m - a scroll of immolation {unknown}


   Skills:
 - Level 1.6 Dodging
 - Level 1.6 Stealth
 - Level 4.0 Spellcasting
 + Level 5.1 Ice Magic


You had 5 spell levels left.
You knew the following spells:

 Your Spells              Type           Power      Damage    Failure   Level
a - Freeze                Ice            76%        1d8       2%          1
b - Frozen Ramparts       Ice            38%        1d6       8%          3
c - Ozocubu's Armour      Ice            19%        N/A       8%          3

Your spell library contained the following spells:

 Spells                   Type           Power      Damage    Failure   Level
 Summon Ice Beast         Ice/Summ       11%        N/A       22%         3


Dungeon Overview and Level Annotations

Branches:
Dungeon (3/15)

Altars:

Annotations:
D:5 Dowan


Innate Abilities, Weirdness & Mutations

You are immune to poison.
Your flesh is cold resistant. (rC+)
You are immune to negative energy. (rN+++)
You are immune to unholy pain and torment.
You are vulnerable to heat. (rF-)
You are in touch with the powers of death.
You do not drink.
You have a special connection with the divine. (Faith)


Message History

The sling bullet hits the orc but does no damage.
The orc is heavily wounded.
The wall freezes the orc.
An iguana comes into view.
The white imp completely resists.
The wall freezes the white imp but does no damage.
The white imp barely misses you.
You shoot a sling bullet. The sling bullet barely misses the orc.
The wall freezes the orc but does no damage.
The orc hits you but does no damage.
You are electrocuted!
* * * LOW HITPOINT WARNING * * *
The white imp completely resists.
The wall freezes the white imp but does no damage.
The white imp gestures at you.
The puff of frost hits you but does no damage.
The wall freezes the orc but does no damage.
The orc hits you but does no damage.
You are electrocuted!
* * * LOW HITPOINT WARNING * * *
The wall freezes the iguana but does no damage.
The white imp completely resists.
The wall freezes the white imp but does no damage.
The white imp barely misses you.
A quokka comes into view.
You can't drink.
As you read the scroll of teleportation, it crumbles to dust.
You feel strangely unstable.
The frozen ramparts melt away.
The orc hits you with a +0 hand axe of electrocution.
* * * LOW HITPOINT WARNING * * *
The white imp hits you but does no damage.
Your icy armour cracks and falls away as you move.
The orc throws a boomerang.
The boomerang misses you.
Your magical contamination has completely faded away.
You see here a ribbon worm corpse.
Your surroundings suddenly seem different.
Dowan, Brother of Duvessa comes into view.
He is wielding a +0 dagger.
Found a book of Movement.
Found a stone staircase leading down.
Dowan shouts!
Dowan points at you and mumbles some strange words.
The puff of flame hits you! The fire burns you terribly!
You die...

. .. .. ..
.###.
...:..#####.#
>...e..@....#
#####.#####.#
#


You could see Dowan.

Vanquished Creatures
  Ijyb (D:3)
  11 adders (D:2)
  A dart slug (D:1)
  3 ribbon worms
  5 orcs
  4 ball pythons
  5 endoplasms
  2 giant cockroaches (D:1)
  7 goblins
  5 jackals (D:2)
  4 kobolds
  2 quokkas
  5 bats
  2 frilled lizards
  5 rats
62 creatures vanquished.

Notes
Turn   | Place    | Note
-------+----------+-------------------------------------------
     0 | D:1      | RBrandon the Mummy Ice Elementalist began the quest for the
                  | Orb.
     0 | D:1      | Reached XP level 1. HP: 13/13 MP: 4/4
   291 | D:1      | Reached XP level 2. HP: 16/19 MP: 2/6
   914 | D:2      | Reached XP level 3. HP: 21/24 MP: 2/8
   974 | D:2      | Learned a level 3 spell: Frozen Ramparts
   978 | D:2      | Learned a level 3 spell: Ozocubu's Armour
  1170 | D:2      | Reached skill level 4 in Ice Magic
  1175 | D:2      | Reached XP level 4. HP: 23/30 MP: 5/10
  1533 | D:2      | Reached XP level 5. HP: 34/35 MP: 5/11
  1916 | D:3      | Noticed Ijyb
  2164 | D:3      | Killed Ijyb
  2165 | D:3      | Reached skill level 5 in Ice Magic
  2415 | D:3      | You fall into a shaft and drop 2 floors!
  2415 | D:5      | Entered Level 5 of the Dungeon
  2509 | D:5      | HP: 1/35 [orc/+0 hand axe of electrocution (1)]
  2512 | D:5      | Noticed Dowan
  2512 | D:5      | Killed from afar by Dowan

Illustrated notes

Levels and vault maps discovered:
D:1:      dpeg_arrival_tiny_d, layout_loops_ring, serial_bayou_crossing
D:2:      wander_river, layout_loops_ring, minmay_snake_closets
D:3:      layout_loops_corners, serial_glass, glass_columns_a, glass_columns_a,
          glass_columns_a, glass_columns_b, uniq_sigmund, uniq_robin, uniq_ijyb,
          uniq_jessica
D:5:      layout_loops_ring, uniq_duvessa

Skill      XL: |  1  2  3  4  5 |
---------------+----------------+-----
Spellcasting   | 3 4 |  4.0
Ice Magic      | 4 5 |  5.1
Dodging        | |  1.6
Stealth        | |  1.6

Action                     |  1- 3 |  4- 6 || total
---------------------------+-------+-------++-------
   Fire: Sling             |    59 |    72 ||   131
   Cast: Freeze            |    28 |    44 ||    72
         Frozen Ramparts   |       |     4 ||     4
         Ozocubu's Armour  |       |     3 ||     3
    Use: Scroll            |       |     2 ||     2
 Armour: Robe              |    18 |    30 ||    48
         Leather armour    |       |    25 ||    25
  Dodge: Dodged            |    21 |    43 ||    64

Table legend: (Time is in decaauts)
 A = Elapsed time spent in this place.
 B = Non-inter-level travel time spent in this place.
 C = Inter-level travel time spent in this place.
 D = Time resting spent in this place.
 E = Time spent auto-exploring this place.
 F = Levels seen in this place.
 G = Mean time per level.
                   A        B        C        D        E       F      G
               +--------+--------+--------+--------+--------+-----+--------+
         Total |   2589 |   2559 |     30 |    321 |   1828 |   4 |  647.2 |
       Dungeon |   2589 |   2559 |     30 |    321 |   1828 |   4 |  647.2 |
               +--------+--------+--------+--------+--------+-----+--------+

Top non-repeatable levels by time:
     D:2: 1230 daAuts
     D:1: 724 daAuts
     D:3: 533 daAuts
     D:5: 102 daAuts

Levels and vault maps discovered:
D:1:      dpeg_arrival_tiny_d, layout_loops_ring, serial_bayou_crossing
D:2:      wander_river, layout_loops_ring, minmay_snake_closets
D:3:      layout_loops_corners, serial_glass, glass_columns_a, glass_columns_a,
          glass_columns_a, glass_columns_b, uniq_sigmund, uniq_robin, uniq_ijyb,
          uniq_jessica
D:5:      layout_loops_ring, uniq_duvessa

Table legend: (Time is in decaauts)
 A = Elapsed time spent in this place.
 B = Non-inter-level travel time spent in this place.
 C = Inter-level travel time spent in this place.
 D = Time resting spent in this place.
 E = Time spent auto-exploring this place.
 F = Levels seen in this place.
 G = Mean time per level.
                   A        B        C        D        E       F      G
               +--------+--------+--------+--------+--------+-----+--------+
         Total |   2589 |   2559 |     30 |    321 |   1828 |   4 |  647.2 |
       Dungeon |   2589 |   2559 |     30 |    321 |   1828 |   4 |  647.2 |
               +--------+--------+--------+--------+--------+-----+--------+

Top non-repeatable levels by time:
     D:2: 1230 daAuts
     D:1: 724 daAuts
     D:3: 533 daAuts
     D:5: 102 daAuts

Table legend:
 A = Kills in this place as a percentage of kills in the entire game.
 B = Kills by you in this place as a percentage of kills by you in the entire game.
 C = Kills by friends in this place as a percentage of kills by friends in the entire game.
 D = Other kills in this place as a percentage of other kills in the entire game.
 E = Experience gained in this place as a percentage of experience gained in the entire game.
 F = Experience gained in this place divided by the number of levels of this place that you have seen.
                   A       B       C       D       E      F
               +-------+-------+-------+-------+-------+----------------------
         Total | 100.0 | 100.0 |   N/A |   N/A | 100.0 |  69.0
       Dungeon | 100.0 | 100.0 |   N/A |   N/A | 100.0 |  69.0
               +-------+-------+-------+-------+-------+----------------------
